cohdb
Replays
Latest Replays
All Replays
Popular Replays
Top Player Replays
Match Explorer
How It Works
Community
CoH3 Stats
Reddit
Sign in to upload your games and track your stats! →
Sign in with Steam
Match 48548250
Unlisted
Match 48548250
Overview
Messages
Build Orders
End
Pioneer Squad
Construct Infanterie Kompanie
Grenadier Squad
Grenadier Squad
Grenadier Squad
Construct Panzergrenadier Kompanie
Medical Station
Support Elements
StuG III G Assault Gun
Selects Mechanized Battlegroup
Selects Raid Package
Panzergrenadier Squad
Panzergrenadier Officer Quarters
Selects StuG Assault Group
Selects UNKNOWN (2160084)
Construct Panzer Kompanie
Stoßtruppen Squad
Panther Heavy Tank
Selects Spotting Scopes
Repair Bunker
Panther Heavy Tank
Selects Stoßtruppen Assault Package
Selects Mechanized Assault
Stoßtruppen Squad
Pioneer Squad
MG 42 Machine Gun Team
Panzer Officer Quarters
Sturmpanzer IV Brummbär
Panzergrenadier Squad
crywo1f
Sakura
Piratatuga2
FIVE5th
0
0
Comments
sign in to comment!
No comments posted yet!